 Dungeon Crawl Stone Soup version 0.26-a0-651-gb41185065b (webtiles) character file.

Game seed: 16815987198535753736

193993 ipx the Carver (level 17, -7/133 HPs)
             Began as a Barachi Brigand on Oct 22, 2020.
             Was a High Priest of Okawaru.
             Mangled by an acid blob (31 damage)
             ... on level 3 of the Pits of Slime on Oct 23, 2020.
             The game lasted 03:43:28 (12591 turns).

ipx the Carver (Barachi Brigand)                   Turns: 12591, Time: 03:43:28

Health: -7/133     AC: 20    Str: 21    XL:     17   Next: 89%
Magic:  23/23      EV: 32    Int: 12    God:    Okawaru [*****.]
Gold:   638        SH: 22    Dex: 31    Spells: 18/20 levels left

rFire    . . .     SeeInvis +   a - +5 double sword
rCold    . . .     Faith    .   d - +0 kite shield
rNeg     . . .     Spirit   .   m - +1 ring mail of the Raven {*Slow rElec rPois Regen+}
rPois    +         Reflect  +   h - +0 helmet "Utuopata" {+Blink}
rElec    +         Harm     .   c - +1 cloak of the Baker {MR+ rCorr Int-4 Dex+6}
rCorr    +         Rampage  .   R - +2 pair of gloves {Str+3}
MR       ++...                  o - +2 pair of boots {run}
Stlth    ++++++++++             X - amulet of reflection
HPRegen  0.72/turn              V - ring of Lilacs {*Slow Str+2 Int+6 Dex+8 SInv}
MPRegen  0.18/turn              S - ring of Shadows {Umbra +Inv Stlth+}

@: heroism, very slightly contaminated, wreathed by umbra
A: +LOS, swims, dopey 1, slowness 1, MP-powered wands, strong legs 2
}: 2/15 runes: decaying, gossamer
a: Hop, Heroism, Finesse, Renounce Religion, Evoke Blink, Evoke Invisibility


You were on level 3 of the Pits of Slime.
You worshipped Okawaru.
Okawaru was extremely pleased with you.
You visited 6 branches of the dungeon, and saw 35 of its levels.
You also visited: Trove, Sewer and Gauntlet.

You collected 2253 gold pieces.
You spent 1615 gold pieces at shops.

Inventory:

Hand Weapons
 a - a +5 double sword (weapon)
 b - a +2 dagger of electrocution
Missiles
 v - 8 boomerangs
 x - 4 silver javelins (quivered)
 K - 30 javelins
 T - 5 curare-tipped darts
Armour
 c - the +1 cloak of the Baker (worn) {MR+ rCorr Int-4 Dex+6}
   (You found it on level 2 of the Swamp)

   It affects your intelligence (-4).
   It affects your dexterity (+6).
   It affects your resistance to hostile enchantments.
   It provides partial protection from all sources of acid and corrosion.
 d - a +0 kite shield (worn)
 e - a +0 tower shield of cold resistance
 h - the +0 helmet "Utuopata" (worn) {+Blink}
   (You found it in a Gauntlet)

   It lets you blink.
 m - the +1 ring mail of the Raven (worn) {*Slow rElec rPois Regen+}
   (You found it in a Gauntlet)

   It insulates you from electricity.
   It protects you from poison.
   It increases your rate of regeneration.
   It may slow you when you take damage.
 o - a +2 pair of boots of running (worn)
 R - a +2 pair of gloves of strength (worn)
Jewellery
 C - the ring of Starshine {rC++ MP+9}
   (You found it in a treasure trove)

   [ring of magical power]

   It greatly protects you from cold.
   It affects your magic capacity (+9).
 E - the ring "Qoggy" {EV+4 Str+2 Int+3 Dex+2}
   (You found it in a treasure trove)

   [ring of evasion]

   It affects your evasion (+4).
   It affects your strength (+2).
   It affects your intelligence (+3).
   It affects your dexterity (+2).
 F - the ring of Wariness {+Fly rPois rF++ rC+ Stlth+}
   (You found it in a treasure trove)

   [ring of protection from cold]

   It greatly protects you from fire.
   It protects you from cold.
   It protects you from poison.
   It lets you fly.
   It makes you more stealthy.
 L - the ring "Qoeblataps" {+Fly rElec Int+2}
   (You found it in a treasure trove)

   [ring of flight]

   It affects your intelligence (+2).
   It insulates you from electricity.
   It lets you fly.
 M - the ring "Tykk" {rPois MR+ Str+3 Dex+6}
   (You found it in a treasure trove)

   [ring of dexterity]

   It affects your strength (+3).
   It affects your dexterity (+6).
   It protects you from poison.
   It affects your resistance to hostile enchantments.
 N - the ring of the Final Chapter {rN+ Str+5}
   (You found it in a treasure trove)

   [ring of positive energy]

   It affects your strength (+5).
   It protects you from negative energy.
 S - the ring of Shadows (right hand) {Umbra +Inv Stlth+}
   (You found it in a treasure trove)

   [ring of stealth]

   It lets you turn invisible.
   It makes you more stealthy.
 V - the ring of Lilacs (left hand) {*Slow Str+2 Int+6 Dex+8 SInv}
   (You found it in a treasure trove)

   [ring of intelligence]

   It affects your strength (+2).
   It affects your intelligence (+6).
   It affects your dexterity (+8).
   It lets you see invisible.
   It may slow you when you take damage.
 X - an amulet of reflection (around neck)
 Y - the ring of Daick {rC+ rN+ Slay+3}
   (You found it on level 2 of the Lair of Beasts)

   [ring of positive energy]

   It affects your accuracy and damage with ranged weapons and melee attacks
   (+3).
   It protects you from cold.
   It protects you from negative energy.
Wands
 f - a wand of paralysis (1)
 D - a wand of digging (7)
 G - a wand of acid (9)
 Z - a wand of polymorph (23)
Scrolls
 g - 4 scrolls of blinking
 i - 4 scrolls of fog
 k - 3 scrolls of immolation
 l - 4 scrolls of remove curse
 n - 5 scrolls of amnesia
 r - 8 scrolls of identify
 t - 3 scrolls of holy word
 u - 5 scrolls of teleportation
 w - 3 scrolls of fear
 J - 2 scrolls of magic mapping
 O - 3 scrolls of torment
 Q - a scroll of vulnerability
 U - a scroll of silence
 W - 5 scrolls of enchant armour
Potions
 j - 3 potions of haste
 p - 5 potions of mutation
 q - a potion of cancellation
 s - a potion of heal wounds
 z - 5 potions of might
 A - 2 potions of lignification
 B - 3 potions of berserk rage
 H - 5 potions of invisibility
 I - a potion of ambrosia
 P - 2 potions of stabbing
Miscellaneous
 y - a lightning rod (4/4)


   Skills:
 - Level 12.0(17.0) Fighting
 - Level 10.0(18.0) Short Blades
 - Level 14.8(21.0) Long Blades
   Level 4.0(9.0) Axes
 - Level 3.0(8.0) Throwing
 - Level 8.0(13.0) Armour
 + Level 13.5(18.5) Dodging
 - Level 11.0(16.0) Stealth
 + Level 12.4(17.4) Shields
 - Level 3.3(8.3) Unarmed Combat
 - Level 2.0 Spellcasting
 - Level 5.0 Transmutations
 - Level 9.0 Invocations
 - Level 12.0 Evocations


You had 18 spell levels left.
You knew the following spells:

 Your Spells              Type           Power        Failure   Level
w - Wereblood             Tmut           ##......     8%          2

Your spell library contained the following spells:

 Spells                   Type           Power        Failure   Level
 Beastly Appendage        Tmut           ##....       4%          1
 Animate Skeleton         Necr           #.....       36%         1
 Foxfire                  Conj/Fire      #...         36%         1
 Magic Dart               Conj           #...         36%         1
 Summon Small Mammal      Summ           #...         36%         1
 Spider Form              Tmut/Pois      #.........   38%         3
 Blink                    Tloc           N/A          52%         2
 Call Imp                 Summ           #.......     52%         2
 Slow                     Hex            #.......     52%         2
 Call Canine Familiar     Summ           #.......     75%         3
 Conjure Flame            Conj/Fire      #.......     75%         3
 Inner Flame              Hex/Fire       #.......     75%         3
 Mephitic Cloud           Conj/Pois/Air  #.......     75%         3
 Summon Guardian Golem    Hex/Summ       #.......     75%         3
 Ice Form                 Ice/Tmut       #.......     80%         4
 Blade Hands              Tmut           ##........   80%         5
 Animate Dead             Necr           #.........   98%         4
 Dispel Undead            Necr           #.......     98%         4
 Sticky Flame             Conj/Fire      #.......     98%         4
 Summon Ice Beast         Ice/Summ       #.......     98%         4
 Summon Lightning Spire   Summ/Air       #.......     98%         4
 Borgnjor's Vile Clutch   Necr/Erth      #.........   100%        5
 Fireball                 Conj/Fire      #.........   100%        5
 Starburst                Conj/Fire      #.........   100%        6


Dungeon Overview and Level Annotations

Branches:
Dungeon (15/15)            Temple (0/1) D:7            Lair (6/6) D:9
  Swamp (4/4) Lair:4       Spider (4/4) Lair:2        Slime (4/5) Lair:6
    Orc (2/2) D:12            Elf (0/3) Orc:2        Depths (0/5) D:15
  Sewer (visited)         Gauntlet (visited)
 Vaults: D:13-14

Altars:
Dithmenos
Elyvilon
Kikubaaqudgha
Nemelex Xobeh
Okawaru
Ru
Vehumet
Xom
The Shining One
Beogh

Shops:
D:5 *   Orc:2 ::!(

Annotations:
D:9 1 runed translucent door, Mukuu's ghost, novice DrIE


Innate Abilities, Weirdness & Mutations

You can be seen from farther away. (+LOS)
You can swim through water.
You cover ground slowly.
You can hop long distances.
You are dopey. (Int -2)
You expend magic power (3 MP) to strengthen your wands.


Message History

* * * LOW HITPOINT WARNING * * *
The acid blob is severely wounded.
The acid blob spits acid at you. The splash of acid hits you. You resist.
* * * LOW HITPOINT WARNING * * *
You are splashed with acid!
You resist.
* * * LOW HITPOINT WARNING * * *
You slash the acid blob!
Your hands burn!
* * * LOW HITPOINT WARNING * * *
The acid blob is severely wounded.
The acid blob completely misses you.
You slash the acid blob!
Your hands burn!
* * * LOW HITPOINT WARNING * * *
The acid blob is almost dead.
You slash the acid blob!
Your hands burn!
* * * LOW HITPOINT WARNING * * *
The acid blob is almost dead.
You are ready to hop once more.
The acid blob hits you!!
You die...

....#.....#
#.........###### ##
#.....#....#.#.##
#.##...............#
...#..........#....#
..................#
..................##
................>..#
.....<.<........@J.#
..#................#
..................##
..#.....###.......#
.##..#.## ##.......#
.#...... ........##
.#..... .........#
.#................#
# #.. .......#.#...


You could see an acid blob.

Vanquished Creatures
  Jorgrun (Orc:1)
  4 acid blobs
  A thorn hunter (Swamp:1)
  4 emperor scorpions
  2 ghost moths (Spider:4)
  A reaper (Gauntlet)
  A stone giant (Orc:1)
  A minotaur (Gauntlet)
  The ghost of PanSaczeczos the Transmogrifier, a journeyman MfVM of Makhleb (Lair:5)
  A spark wasp (Spider:4)
  An ettin (Orc:1)
  Snorg (D:11)
  An ogre mage (Orc:2)
  Josephine (D:12)
  Erolcha (Orc:2)
  A great orb of eyes (Slime:1)
  19 hydras
  2 ghost crabs
  Harold (D:10)
  2 shambling mangroves (Swamp:4)
  3 centaur warriors
  3 alligators
  4 two-headed ogres
  A hell hog (Gauntlet)
  A queen ant (Lair:2)
  A tengu warrior (D:14)
  A death yak (Lair:5)
  A spriggan berserker (Swamp:4)
  2 orc high priests (Orc:2)
  Nergalle (D:11)
  Sonja (D:12)
  An unseen horror (D:12)
  10 swamp dragons
  An orc knight (Orc:2)
  12 orb spiders
  18 wolf spiders
  7 ugly things
  3 manticores
  11 wolf spider zombies (Spider:3)
  2 oklob plants (Lair:6)
  2 cyclopes
  10 orc sorcerers
  A shining eye (Slime:3)
  A moth of wrath (Spider:4)
  A black mamba (shapeshifter) (D:13)
  16 cane toads
  An eye of devastation (Slime:1)
  2 black mambas
  A torpor snail (Spider:1)
  6 demonic crawlers
  6 komodo dragons
  3 rime drakes
  A hellwing (Gauntlet)
  8 redback zombies (Spider:3)
  A guardian mummy (D:10)
  6 trolls
  7 tyrant leeches
  27 jumping spiders
  A tengu conjurer (D:14)
  15 hornets
  A wind drake (shapeshifter) (D:13)
  19 blink frogs
  27 slime creatures
  A snapping turtle (shapeshifter) (D:15)
  3 bog bodies (Swamp:4)
  17 hippogriffs
  8 tarantella zombies (Spider:3)
  3 shadows
  7 dream sheep (Lair:5)
  4 wraiths
  61 redbacks
  2 spriggans
  22 tarantellas
  8 wyverns
  8 basilisks
  12 yaks
  4 fire bats (Gauntlet)
  6 vampire mosquitoes (Lair:6)
  4 wargs
  9 swamp worms
  7 insubstantial wisps
  18 soldier ants (Lair:2)
  An acid dragon (D:13)
  7 water moccasins
  3 hell hounds
  8 porcupines
  11 swamp drakes (Swamp:4)
  12 orc warriors
  2 ice beasts
  4 black bears
  12 ogres
  3 sky beasts
  A phantom (D:5)
  15 wolves
  6 centaurs
  14 crocodiles
  27 bullfrogs
  4 gnoll sergeants
  A water moccasin zombie (D:8)
  A wyvern skeleton (D:9)
  4 scorpions
  15 killer bees
  A wight (D:12)
  9 electric eels
  3 bullfrog zombies
  12 hounds
  4 jellies
  3 centaur skeletons
  A gnoll shaman (D:7)
  9 orc priests
  A bullfrog skeleton (D:8)
  6 hell rats (Lair:3)
  6 iguanas
  32 orc wizards
  19 worker ants
  A hound zombie (D:5)
  2 worker ant zombies
  22 gnolls
  A howler monkey skeleton (D:4)
  11 adders
  A white imp (D:6)
  2 ufetubi
  4 adder skeletons
  7 worms
  3 leopard geckos
  57 orcs
  4 giant cockroaches
  7 goblins
  2 hobgoblins
  28 jackals
  A quokka (D:6)
  3 ball pythons
  A bat (D:3)
  4 frilled lizards
  6 kobolds
  3 leopard gecko skeletons
  2 rats
927 creatures vanquished.

Vanquished Creatures (others)
  A redback (Spider:4)
  A basilisk (Lair:4)
  An ogre (Orc:2)
  An orc wizard (Orc:2)
  An orc (Orc:1)
  24 fungi
  89 plants
118 creatures vanquished.

Grand Total: 1045 creatures vanquished

Notes
Turn   | Place    | Note
-------+----------+-------------------------------------------
     0 | D:1      | ipx the Barachi Brigand began the quest for the Orb.
     0 | D:1      | Reached XP level 1. HP: 17/17 MP: 1/1
     2 | D:1      | Noticed a naga
     2 | D:1      | Noticed a tengu
     5 | D:1      | Noticed a vine stalker
     5 | D:1      | Noticed a centaur
     7 | D:1      | Noticed a demonspawn
     7 | D:1      | Noticed a human
     9 | D:1      | Noticed a spriggan
    13 | D:1      | Noticed a demigod
    13 | D:1      | Noticed a draconian
    15 | D:1      | Noticed a dwarf
    17 | D:1      | Noticed a ghoul
    17 | D:1      | Noticed a halfling
    19 | D:1      | Noticed a formicid
    19 | D:1      | Noticed an elf
    21 | D:1      | Noticed a felid
    21 | D:1      | Noticed a troll
    23 | D:1      | Noticed a vampire
    23 | D:1      | Noticed a minotaur
    25 | D:1      | Noticed a merfolk
    25 | D:1      | Noticed an octopode
    27 | D:1      | Noticed an ogre
    27 | D:1      | Noticed a gargoyle
   117 | D:1      | Reached XP level 2. HP: 19/23 MP: 2/2
   359 | D:3      | Reached XP level 3. HP: 21/29 MP: 3/3
   436 | D:3      | Found a shadowy altar of Dithmenos.
   597 | D:4      | Reached XP level 4. HP: 24/37 MP: 4/4
   744 | D:4      | Found a sparkling altar of Nemelex Xobeh.
   796 | D:4      | Noticed an ogre
   810 | D:4      | Killed an ogre
   810 | D:4      | Reached XP level 5. HP: 35/42 MP: 5/5
   892 | D:4      | Found a glowing drain.
   928 | Sewer    | Entered a sewer
  1018 | Sewer    | Reached XP level 6. HP: 45/48 MP: 6/6
  1109 | D:4      | Reached skill level 1 in Armour
  1322 | D:5      | Entered Level 5 of the Dungeon
  1334 | D:5      | Found Inal's General Store.
  1339 | D:5      | Bought 3 scrolls of identify for 66 gold pieces
  1339 | D:5      | Bought a scroll of fog for 22 gold pieces
  1339 | D:5      | Bought a scroll of identify for 22 gold pieces
  1444 | D:5      | Noticed a sky beast
  1453 | D:5      | Killed a sky beast
  1474 | D:5      | Reached XP level 7. HP: 54/54 MP: 7/7
  1477 | D:5      | Learned a level 1 spell: Beastly Appendage
  1480 | D:5      | Learned a level 2 spell: Wereblood
  1544 | D:5      | Reached skill level 1 in Transmutations
  1621 | D:5      | Found an iron altar of Okawaru.
  1621 | D:5      | Found a glowing golden altar of the Shining One.
  1628 | D:5      | Found a white marble altar of Elyvilon.
  1631 | D:5      | Became a worshipper of Warmaster Okawaru
  1939 | D:6      | Reached skill level 5 in Short Blades
  1939 | D:6      | Reached XP level 8. HP: 18/60 MP: 6/8
  1965 | D:6      | Reached * piety under Okawaru
  2067 | D:6      | Reached skill level 1 in Invocations
  2084 | D:7      | Found a staircase to the Ecumenical Temple.
  2098 | D:7      | Reached skill level 1 in Spellcasting
  2222 | D:7      | Reached XP level 9. HP: 13/65 MP: 12/12
  2267 | D:7      | Reached ** piety under Okawaru
  2306 | D:7      | Reached skill level 1 in Shields
  2411 | D:7      | Paralysed by a gnoll shaman for 3 turns
  2416 | D:7      | Paralysed by a gnoll shaman for 5 turns
  2538 | D:7      | Found a sacrificial altar of Ru.
  2556 | D:8      | Noticed a two-headed ogre
  2634 | D:7      | Reached skill level 5 in Transmutations
  2732 | D:8      | Killed a two-headed ogre
  2732 | D:8      | Reached *** piety under Okawaru
  2732 | D:8      | Reached skill level 5 in Invocations
  2876 | D:9      | Noticed a two-headed ogre
  2878 | D:9      | Noticed a red ugly thing
  2884 | D:9      | Killed a two-headed ogre
  2884 | D:9      | Reached **** piety under Okawaru
  2884 | D:9      | Reached XP level 10. HP: 51/71 MP: 10/14
  2890 | D:9      | Killed a red ugly thing
  2890 | D:9      | Reached skill level 1 in Evocations
  2964 | D:9      | Reached skill level 10 in Short Blades
  3033 | D:9      | Reached skill level 5 in Fighting
  3196 | D:9      | Received a gift from Okawaru
  3257 | D:9      | Found a runed translucent door.
  3257 | D:9      | Noticed Mukuu's ghost (novice DrIE)
  3331 | D:9      | Found a staircase to the Lair.
  3342 | D:10     | Entered Level 10 of the Dungeon
  3380 | D:10     | Got an ichor-stained falchion
  3382 | D:10     | Identified the +6 falchion of Tenacity {pain, rC++ Int+4}
                  | (You found it on level 10 of the Dungeon)
  3385 | D:10     | Found a portal to a secret trove of treasure.
  3415 | Trove    | Entered a treasure trove
  3418 | Trove    | Found the ring of Shadows {Umbra +Inv Stlth+}
  3423 | Trove    | Got a warped granite ring
  3425 | Trove    | Got a wavering copper ring
  3427 | Trove    | Got a crude bone ring
  3433 | Trove    | Got a flickering lapis lazuli ring
  3435 | Trove    | Got an ancient brass ring
  3438 | Trove    | Got a bound bone ring
  3442 | Trove    | Got a scorched platinum ring
  3448 | Trove    | Got a bound granite ring
  3453 | Trove    | Got a wavering tin ring
  3501 | D:10     | Identified the ring "Tykk" {rPois MR+ Str+3 Dex+6} (You
                  | found it in a treasure trove)
  3503 | D:10     | Identified the ring of Wariness {+Fly rPois rF++ rC+
                  | Stlth+} (You found it in a treasure trove)
  3509 | D:10     | Identified the ring "Qoggy" {EV+4 Str+2 Int+3 Dex+2} (You
                  | found it in a treasure trove)
  3511 | D:10     | Identified the ring of Lilacs {*Slow Str+2 Int+6 Dex+8
                  | SInv} (You found it in a treasure trove)
  3513 | D:10     | Identified the ring of Recklessness {MP+9 Stlth+} (You
                  | found it in a treasure trove)
  3515 | D:10     | Identified the ring "Qoeblataps" {+Fly rElec Int+2} (You
                  | found it in a treasure trove)
  3529 | D:10     | Identified the ring of the Final Chapter {rN+ Str+5} (You
                  | found it in a treasure trove)
  3531 | D:10     | Identified the ring "Cosevak" {rPois rF- rN+ AC+4 Str+4}
                  | (You found it in a treasure trove)
  3537 | D:10     | Identified the ring of Starshine {rC++ MP+9} (You found it
                  | in a treasure trove)
  3663 | D:10     | Noticed Harold
  3685 | D:10     | Killed Harold
  3685 | D:10     | Reached skill level 5 in Dodging
  3685 | D:10     | Reached XP level 11. HP: 51/84 MP: 15/15
  3825 | D:11     | Noticed Snorg
  3848 | D:11     | Killed Snorg
  4120 | D:11     | Noticed Nergalle
  4135 | D:11     | Killed Nergalle
  4171 | D:11     | Found a shimmering altar of Xom.
  4334 | D:12     | Noticed a two-headed ogre
  4342 | D:12     | Noticed Sonja
  4347 | D:12     | Killed a two-headed ogre
  4352 | D:12     | Killed Sonja
  4352 | D:12     | Reached skill level 5 in Evocations
  4452 | D:12     | Noticed an unseen horror
  4464 | D:12     | Killed an unseen horror
  4564 | D:12     | Noticed a manticore
  4602 | D:12     | Killed a manticore
  4603 | D:12     | Noticed a two-headed ogre
  4618 | D:12     | Killed a two-headed ogre
  4618 | D:12     | Reached skill level 10 in Fighting
  4618 | D:12     | Reached XP level 12. HP: 37/97 MP: 16/16
  4631 | D:12     | Noticed Josephine
  4653 | D:12     | Killed Josephine
  4653 | D:12     | Received a gift from Okawaru
  4805 | D:13     | Reached skill level 5 in Stealth
  4828 | D:13     | Received a gift from Okawaru
  5024 | D:14     | Noticed a seven-headed hydra
  5044 | D:14     | Killed a seven-headed hydra
  5117 | D:14     | Noticed a centaur warrior
  5127 | D:14     | Killed a centaur warrior
  5127 | D:14     | Reached ***** piety under Okawaru
  5131 | D:15     | Entered Level 15 of the Dungeon
  5140 | D:15     | Noticed a five-headed hydra
  5147 | D:15     | Found a staircase to the Depths.
  5147 | D:15     | Noticed a two-headed ogre
  5148 | D:15     | Noticed an emperor scorpion
  5159 | D:15     | a two-headed ogre changed into an eye of devastation
  5185 | D:15     | Killed an emperor scorpion
  5190 | D:15     | Killed a five-headed hydra
  5235 | D:15     | Reached skill level 10 in Evocations
  5239 | D:15     | Received a gift from Okawaru
  5239 | D:15     | Gained mutation: You can hop long distances. [Barachi
                  | growth]
  5239 | D:15     | Reached XP level 13. HP: 103/103 MP: 14/17
  5263 | D:15     | Reached skill level 10 in Dodging
  5339 | D:15     | Found a gate leading to a gauntlet.
  5362 | Gauntlet | Entered a Gauntlet
  5362 | Gauntlet | Found a transporter.
  5362 | Gauntlet | Found a transporter.
  5363 | Gauntlet | Found a transporter.
  5365 | Gauntlet | Found a transporter.
  5365 | Gauntlet | Noticed a reaper
  5368 | Gauntlet | Found a transporter.
  5375 | Gauntlet | Found a transporter.
  5376 | Gauntlet | Found a transporter.
  5419 | Gauntlet | Killed a reaper
  5437 | Gauntlet | Got a steaming helmet
  5443 | Gauntlet | Identified the cursed +0 helmet "Utuopata" {+Blink} (You
                  | found it in a Gauntlet)
  5510 | Gauntlet | Got a bloodstained hat
  5522 | Gauntlet | Identified the +0 hat of Yqeddiu {Str+2} (You found it in a
                  | Gauntlet)
  5552 | Gauntlet | Identified the +9 mace of Uncertain Death {venom, Str+4}
  5552 | Gauntlet | Identified the ring "Ysagi" {rF++ rC+ Int+6 Stlth+}
  5552 | Gauntlet | Noticed a minotaur
  5565 | Gauntlet | Killed a minotaur
  5574 | Gauntlet | Identified Jicweg's Reference Book on Heat and Darkness
  5576 | Gauntlet | Identified the cursed +1 ring mail of the Raven {*Slow
                  | rElec rPois Regen+} (You found it in a Gauntlet)
  6075 | D:12     | Found a staircase to the Orcish Mines.
  6086 | Orc:1    | Entered Level 1 of the Orcish Mines
  6118 | Orc:1    | Noticed an ettin
  6129 | Orc:1    | Killed an ettin
  6218 | Orc:1    | Noticed Jorgrun
  6231 | Orc:1    | Noticed a stone giant
  6236 | Orc:1    | Killed Jorgrun
  6236 | Orc:1    | Received a gift from Okawaru
  6236 | Orc:1    | Reached ****** piety under Okawaru
  6246 | Orc:1    | Killed a stone giant
  6257 | Orc:1    | Identified a +1 pair of boots of running (Okawaru gifted it
                  | to you on level 1 of the Orcish Mines)
  6288 | Orc:2    | Entered Level 2 of the Orcish Mines
  6288 | Orc:2    | Found a staircase to the Elven Halls.
  6325 | Orc:2    | Reached skill level 5 in Armour
  6327 | Orc:2    | Found Luimnodd's Magic Scroll Boutique.
  6373 | Orc:2    | Bought a scroll of identify for 28 gold pieces
  6373 | Orc:2    | Bought a scroll of identify for 28 gold pieces
  6376 | Orc:2    | Identified a scroll of acquirement
  6468 | Orc:1    | Reached XP level 14. HP: 110/110 MP: 19/19
  6487 | Orc:1    | Paralysed by an orc sorcerer for 5 turns
  6779 | Orc:2    | Found an ancient bone altar of Kikubaaqudgha.
  6797 | Orc:2    | Received a gift from Okawaru
  6861 | Orc:2    | Noticed Erolcha
  6873 | Orc:2    | Killed Erolcha
  6901 | Orc:2    | Found a radiant altar of Vehumet.
  6908 | Orc:2    | Found a roughly hewn altar of Beogh.
  6909 | Orc:2    | Found Eratuc's Book Shop.
  6909 | Orc:2    | Found Nukae's Distillery.
  6937 | Orc:2    | Found Uxtafefezo's Antique Weapon Boutique.
  6958 | Orc:2    | Bought a runed rapier for 203 gold pieces
  6970 | Orc:2    | Bought a potion of haste for 140 gold pieces
  6970 | Orc:2    | Bought a potion of lignification for 42 gold pieces
  6970 | Orc:2    | Bought a potion of haste for 140 gold pieces
  6970 | Orc:2    | Bought a potion of mutation for 112 gold pieces
  6970 | Orc:2    | Bought a potion of curing for 42 gold pieces
  6970 | Orc:2    | Bought a potion of curing for 42 gold pieces
  6970 | Orc:2    | Bought a potion of stabbing for 56 gold pieces
  6970 | Orc:2    | Bought a potion of might for 56 gold pieces
  6970 | Orc:2    | Bought a potion of berserk rage for 70 gold pieces
  6993 | Orc:2    | Found Inestric's Book Boutique.
  7096 | Orc:2    | Bought a scroll of blinking for 105 gold pieces
  7096 | Orc:2    | Bought a scroll of teleportation for 42 gold pieces
  7096 | Orc:2    | Bought 2 scrolls of amnesia for 98 gold pieces
  7096 | Orc:2    | Bought a scroll of magic mapping for 49 gold pieces
  7096 | Orc:2    | Bought a scroll of fear for 49 gold pieces
  7096 | Orc:2    | Acquired a +2 pair of gloves of strength
  7106 | Orc:2    | Bought a scroll of amnesia for 49 gold pieces
  7106 | Orc:2    | Bought a scroll of immolation for 49 gold pieces
  7132 | Orc:2    | Bought a scroll of silence for 105 gold pieces
  7254 | Lair:1   | Entered Level 1 of the Lair of Beasts
  7383 | Lair:1   | Received a gift from Okawaru
  7385 | Lair:1   | Got a glimmering chain mail {god gift}
  7397 | Lair:1   | Identified the +8 chain mail of Hairiness {rN+ Int+4}
                  | (Okawaru gifted it to you on level 1 of the Lair of Beasts)
  7475 | Lair:1   | You fall into a shaft and drop 1 floor!
  7539 | Lair:2   | Got a heavily runed glass ring
  7563 | Lair:2   | Identified the ring of Daick {rC+ rN+ Slay+3} (You found it
                  | on level 2 of the Lair of Beasts)
  8357 | Lair:4   | Reached skill level 5 in Shields
  8431 | Lair:4   | Reached skill level 10 in Stealth
  8666 | Lair:4   | Found a staircase to the Swamp.
  8752 | Lair:5   | Found a runed translucent gate.
  8752 | Lair:5   | Found a runed translucent gate.
  8754 | Lair:5   | Found a runed translucent gate.
  8792 | Lair:4   | Reached XP level 15. HP: 119/120 MP: 21/21
  8830 | Lair:5   | Noticed PanSaczeczos's ghost (journeyman MfVM)
  8835 | Lair:5   | Received a gift from Okawaru
  8838 | Lair:5   | Killed PanSaczeczos's ghost
  8946 | Lair:5   | Reached skill level 1 in Long Blades
  8958 | Lair:6   | Entered Level 6 of the Lair of Beasts
  9001 | Lair:6   | Reached skill level 2 in Long Blades
  9085 | Lair:6   | Found a staircase to the Slime Pits.
  9101 | Lair:6   | Reached skill level 3 in Long Blades
  9166 | Lair:6   | Reached skill level 4 in Long Blades
  9358 | Lair:6   | Reached skill level 5 in Long Blades
  9500 | Swamp:1  | Entered Level 1 of the Swamp
  9543 | Swamp:2  | Reached skill level 6 in Long Blades
  9634 | Swamp:2  | Received a gift from Okawaru
  9652 | Swamp:2  | Got an ichor-stained cloak
  9658 | Swamp:2  | Identified the +1 cloak of the Baker {MR+ rCorr Int-4
                  | Dex+6} (You found it on level 2 of the Swamp)
  9702 | Swamp:4  | Entered Level 4 of the Swamp
  9761 | Swamp:4  | Reached skill level 7 in Long Blades
  9849 | Swamp:3  | Noticed a thorn hunter
  9943 | Swamp:4  | Received a gift from Okawaru
 10063 | Swamp:4  | Reached skill level 8 in Long Blades
 10141 | Swamp:4  | Reached skill level 9 in Long Blades
 10147 | Swamp:4  | Reached XP level 16. HP: 63/127 MP: 19/22
 10182 | Swamp:4  | Received a gift from Okawaru
 10213 | Swamp:4  | Reached skill level 10 in Long Blades
 10233 | Swamp:4  | Got a decaying rune of Zot
 10248 | Swamp:4  | Identified the +0 robe "Pohaifoa" {+Inv}
 10432 | Swamp:1  | Noticed a thorn hunter
 10458 | Swamp:1  | Killed a thorn hunter
 10609 | Lair:2   | Found a hole to the Spider Nest.
 10626 | Spider:1 | Entered Level 1 of the Spider Nest
 10693 | Spider:2 | Reached skill level 11 in Long Blades
 10799 | Spider:1 | Reached skill level 10 in Shields
 10938 | Spider:2 | Reached skill level 12 in Long Blades
 11099 | Spider:3 | Received a gift from Okawaru
 11218 | Spider:3 | Reached XP level 17. HP: 133/133 MP: 21/23
 11265 | Spider:4 | Entered Level 4 of the Spider Nest
 11298 | Spider:4 | Reached skill level 13 in Long Blades
 11757 | Spider:4 | Reached skill level 14 in Long Blades
 11795 | Spider:4 | Got a gossamer rune of Zot
 11833 | Spider:4 | Received a gift from Okawaru
 12205 | Lair:5   | You fall into a shaft and drop 1 floor!
 12293 | Slime:1  | Entered Level 1 of the Pits of Slime
 12293 | Slime:1  | Noticed an acid blob
 12311 | Slime:1  | Killed an acid blob
 12319 | Slime:1  | Paralysed by a great orb of eyes for 7 turns
 12462 | Slime:3  | Noticed an acid blob
 12462 | Slime:3  | Noticed an acid blob
 12466 | Slime:3  | Gained mutation: You expend magic power (3 MP) to
                  | strengthen your wands. [a shining eye]
 12475 | Slime:2  | Killed an acid blob
 12529 | Slime:3  | Gained mutation: You are dopey. (Int -2) [a shining eye]
 12539 | Slime:3  | Killed an acid blob
 12558 | Slime:4  | Noticed an acid blob
 12571 | Slime:4  | Noticed an acid blob
 12573 | Slime:4  | Noticed an acid blob
 12574 | Slime:4  | Killed an acid blob
 12591 | Slime:3  | Mangled by an acid blob

Illustrated notes

Levels and vault maps discovered:
D:1:      kb_arrival_jail, layout_rooms, minmay_misc_feat_iff
D:2:      minmay_inner_zag, layout_basic, minmay_pentomino_z2
D:3:      layout_loops_ring, grunt_dithmenos_smoke
D:4:      layout_cave_pods, kennysheep_mini_moat, cheibrodos_sewer_entry_bend,
          minmay_unequal
D:5:      layout_layer_cave, chequers_temple_overflow_minitemple, serial_shops,
          kennysheep_little_box, minivault_1
D:6:      minmay_chambers_of_threes, layout_layer_cave,
          minmay_misc_feat_secret_circle
D:7:      layout_cave_pools, kennysheep_mini, temple_fountains,
          serial_gnoll_camp, gnoll_camp_mini_doghouse, gnoll_camp_mini_hut,
          gnoll_camp_mini_shop, gnoll_camp_huts_moat, lemuel_tele_altar
D:8:      layout_basic, minmay_checkerbox
D:9:      layout_roguey, erik_lair_island, ebering_ghost_reflecting_pool,
          minmay_between
D:10:     layout_cave_pools, nicolae_trove_entry_path_of_doom, uniq_harold
D:11:     layout_big_octagon, basic_altar, uniq_snorg, uniq_nergalle
D:12:     layout_basic, david_orc_4, lightli_fourway_metalbox, uniq_sonja,
          uniq_josephine
D:13:     layout_roguey
D:14:     layout_long_grid, grunt_vaults_entry_tiered, minmay_fountain_box
D:15:     hangedman_depths_entry_try_elsewhere_first, layout_loops_ring,
          gauntlet_entry_generic, nicolae_ru_the_path_less_chosen, uniq_kirke
Lair:1:   beast_lair_carwin_large_3, layout_cave_pods
Lair:2:   layout_concentric_octagons, spider_nest_entry_a, serial_bayou_ford_a,
          minivault_29
Lair:3:   layout_long_grid, serial_bayou_pond_a, st_stairs_10,
          serial_bayou_shore_b, infiniplex_staircase_pool_2
Lair:4:   layout_roguey [special_room_mythical_zoo], minmay_swamp_entry_reptiles
Lair:5:   layout_hall_layers, gammafunk_ghost_split, minmay_lair_oklob_items,
          beast_lair_carwin_11, infiniplex_staircase_pool
Lair:6:   minmay_lair_end_frog_pond, layout_regular_city,
          minmay_slime_entry_oklob_open
Swamp:1:  layout_falls_marsh, nicolae_swamp_feature_on_the_river_bank
Swamp:2:  layout_falls_marsh, wheals_swamp_sinkhole
Swamp:3:  layout_basic_swamp, serial_swamp_ruin, evilmike_swamp_ruin_rubble_2,
          evilmike_swamp_ruin_house_2, evilmike_swamp_ruin_house_3, swamp_pool1
Swamp:4:  swamp_basic_johnstein, layout_basic_swamp, swamp_pool4
Spider:1: layout_spider_delve, uniq_nikola
Spider:2: layout_spider_delve, uniq_aizul
Spider:3: lemuel_spider_zombies, nicolae_orb_stairs
Spider:4: spider_rune_water
Slime:1:  layout_caves
Slime:2:  cheibrodos_slime_lost_civilization_1, layout_caves
Slime:3:  layout_caves
Slime:4:  layout_caves
Orc:1:    layout_caves, serial_shops, uniq_jorgrun
Orc:2:    kennysheep_orc_mage_school, layout_caves, serial_shops, shop_scrolls

Skill      XL: |  1  2  3  4  5  6  7  8  9 10 11 12 13 14 15 16 17 |
---------------+----------------------------------------------------+-----
Fighting       | 3 4 7 10 11 12 | 12.0
Short Blades   | 3 4 5 7 9 10 | 10.0
Axes           | 2 3 4 |  4.0
Throwing       | 3 |  3.0
Armour         | 2 5 8 |  8.0
Dodging        | 2 5 8 9 10 12 13 | 13.5
Unarmed Combat | 2 3 |  3.3
Transmutations | 3 4 5 |  5.0
Invocations    | 3 6 7 9 |  9.0
Spellcasting   | 2 |  2.0
Shields        | 4 6 8 10 12 | 12.4
Evocations     | 4 6 10 12 | 12.0
Stealth        | 4 6 8 10 11 | 11.0
Long Blades    | 9 12 14 | 14.8

Action                   |  1- 3 |  4- 6 |  7- 9 | 10-12 | 13-15 | 16-18 || total
-------------------------+-------+-------+-------+-------+-------+-------++-------
Melee: Dagger            |   111 |    45 |   266 |   598 |  1096 |   177 ||  2293
       Hand axe          |       |   103 |       |       |       |       ||   103
       War axe           |       |    20 |    63 |       |       |       ||    83
       Punch             |       |       |     3 |       |       |       ||     3
       Kick              |       |       |     6 |     3 |       |       ||     9
       Headbutt          |       |       |     2 |     1 |       |       ||     3
       Double sword      |       |       |       |       |   199 |   710 ||   909
Throw: Dart              |       |    26 |    20 |     4 |    20 |     7 ||    77
       Boomerang         |       |       |    12 |       |    52 |   112 ||   176
       Throwing net      |       |       |     3 |     5 |     3 |       ||    11
       Javelin           |       |       |       |       |    13 |     3 ||    16
 Cast: Beastly Appendage |       |       |     2 |     1 |       |       ||     3
       Wereblood         |       |       |       |       |     1 |     5 ||     6
Invok: Heroism           |       |       |     5 |     9 |    19 |    19 ||    52
       Finesse           |       |       |       |       |       |     4 ||     4
 Abil: Hop               |       |     1 |     2 |     4 |    12 |     9 ||    28
       Evoke Invisibilit |       |       |       |     7 |    35 |    12 ||    54
       Evoke Flight      |       |       |       |       |     5 |       ||     5
Evoke: Wand              |       |       |    20 |    27 |    35 |    18 ||   100
       Lightning rod     |       |       |       |       |       |     3 ||     3
  Use: Potion            |     2 |       |     8 |     1 |       |     5 ||    16
       Scroll            |       |    10 |     3 |    10 |    21 |     6 ||    50
 Stab: Sleeping          |     1 |     1 |     2 |    16 |    99 |    30 ||   149
       Paralysed         |       |       |     3 |       |       |       ||     3
       Held in net/web   |       |       |       |     4 |     4 |     2 ||    10
       Invisible         |       |       |       |    14 |    89 |    61 ||   164
       Petrifying        |       |       |       |       |     2 |       ||     2
Armor: Robe              |     8 |       |       |       |       |       ||     8
       Scale mail        |    20 |    70 |    80 |       |       |       ||   170
       Chain mail        |       |       |    11 |    12 |       |       ||    23
       Troll leather arm |       |       |       |    28 |    10 |       ||    38
       Ring mail         |       |       |       |       |   163 |   115 ||   278
Dodge: Dodged            |    42 |    72 |   151 |   262 |   540 |   619 ||  1686
Block: Other             |     4 |    36 |    39 |       |       |       ||    79
       Reflection        |       |     4 |    11 |     5 |     3 |     4 ||    27
       Buckler           |       |       |    66 |   192 |   250 |       ||   508
       Kite shield       |       |       |       |       |   391 |   807 ||  1198
       Rpst.: Double sword |       |       |       |       |    19 |   121 ||   140

Table legend: (Time is in decaauts)
 A = Elapsed time spent in this place.
 B = Non-inter-level travel time spent in this place.
 C = Inter-level travel time spent in this place.
 D = Time resting spent in this place.
 E = Time spent auto-exploring this place.
 F = Levels seen in this place.
 G = Mean time per level.
                   A        B        C        D        E       F      G
               +--------+--------+--------+--------+--------+-----+--------+
         Total |  12258 |  11905 |    353 |      3 |      0 |  38 |  322.6 |
       Dungeon |   6043 |   5912 |    131 |      3 |      0 |  15 |  402.9 |
          Lair |   2304 |   2272 |     32 |      0 |      0 |   6 |  384.0 |
         Swamp |    921 |    862 |     59 |      0 |      0 |   4 |  230.2 |
   Spider Nest |   1274 |   1144 |    130 |      0 |      0 |   4 |  318.5 |
    Slime Pits |    249 |    249 |      0 |      0 |      0 |   4 |   62.2 |
  Orcish Mines |    966 |    966 |      0 |      0 |      0 |   2 |  483.0 |
         Trove |     50 |     50 |      0 |      0 |      0 |   1 |   50.0 |
         Sewer |    145 |    145 |      0 |      0 |      0 |   1 |  145.0 |
      Gauntlet |    303 |    303 |      0 |      0 |      0 |   1 |  303.0 |
               +--------+--------+--------+--------+--------+-----+--------+

Top non-repeatable levels by time:
Spider:4: 670 daAuts
    D:12: 650 daAuts
   Orc:2: 625 daAuts
     D:7: 620 daAuts
     D:4: 616 daAuts
     D:9: 556 daAuts
  Lair:6: 538 daAuts
 Swamp:4: 524 daAuts
     D:6: 502 daAuts
  Lair:4: 484 daAuts
    D:10: 471 daAuts
  Lair:2: 417 daAuts
  Lair:3: 397 daAuts
     D:5: 387 daAuts
     D:3: 380 daAuts
